 Dungeon Crawl Stone Soup version 0.19-a0-1896-g611e798 (webtiles) character file.

636 Naow the Sneak (level 7, -3/32 HPs)
             Began as a Spriggan Enchanter on Oct 19, 2016.
             Engulfed by a cloud of flame (8 damage)
             ... on level 4 of the Dungeon.
             The game lasted 00:11:37 (5829 turns).

Naow the Sneak (Spriggan Enchanter)                 Turns: 5829, Time: 00:11:38

Health: -3/32      AC:  4    Str:  4    XL:     7   Next: 25%
Magic:  0/15       EV: 28    Int: 16    God:
Gold:   232        SH:  0    Dex: 24    Spells: 4 memorised, 7 levels left

rFire  . . .     SeeInvis +     a - +2 dagger
rCold  . . .     Gourm    .     b - +2 robe
rNeg   . . .     Faith    .     (shield restricted)
rPois  .         Spirit   .     (helmet restricted)
rElec  .         Reflect  .     (no cloak)
rCorr  .         Harm     .     (gloves unavailable)
MR     +....                    (boots unavailable)
Stlth  +++++.....               p - amulet of inaccuracy
                                (no ring)
                                n - ring of see invisible

@: agile, very quick
A: unfitting armour, see invisible, herbivore 3, speed 3, slow metabolism 2
a: no special abilities


You were on level 4 of the Dungeon.
You were not hungry.

You visited 1 branch of the dungeon, and saw 4 of its levels.

You collected 232 gold pieces.

Inventory:

Hand Weapons
 a - a +2 dagger (weapon)
 s - a +0 blowgun
Missiles
 q - 45 poisoned needles
Armour
 b - a +2 robe (worn)
Jewellery
 n - a ring of see invisible (left hand)
 p - an amulet of inaccuracy (around neck)
 v - an uncursed ring of wizardry {unknown}
Wands
 m - a wand of teleportation (8/9)
 x - a wand of digging (7/24)
 D - a wand of slowing (18/48)
Scrolls
 e - 3 scrolls of identify
 g - a scroll of magic mapping
 r - a scroll of immolation
 t - a scroll of remove curse
 C - a scroll of enchant armour
Potions
 f - a potion of might
 h - a potion of agility
 i - a potion of brilliance {unknown}
 j - a potion of cure mutation {unknown}
 k - a potion of lignification
 l - 2 potions of curing
 o - 2 potions of degeneration {unknown}
 u - a potion of flight {unknown}
 w - a potion of beneficial mutation {unknown}
 z - a potion of heal wounds
Books
 c - a book of Maledictions

   Spells                             Type                      Level
   a - Corona                         Hexes                        1
   b - Ensorcelled Hibernation        Hexes/Ice                    2
   c - Confuse                        Hexes                        3
   d - Tukima's Dance                 Hexes                        3
   e - Dazzling Spray                 Conjuration/Hexes            3
Comestibles
 B - 3 bread rations
 E - 5 fruits


   Skills:
 + Level 4.1 Short Blades
 + Level 5.6 Dodging
 + Level 7.0 Stealth
 + Level 5.0 Spellcasting
 + Level 5.3 Hexes


You had 7 spell levels left.
You knew the following spells:

 Your Spells              Type           Power        Failure   Level  Hunger
a - Corona                Hex            ###....      1%          1    None
b - Ensorcelled Hibernat  Hex/Ice        ##....       10%         2    #......
c - Tukima's Dance        Hex            ###.....     6%          3    ###....
d - Confuse               Hex            ###.....     6%          3    ###....


Dungeon Overview and Level Annotations

Branches:
Dungeon (4/15)
 Temple: D:4-7

Altars:
Ashenzari
Fedhas
Kikubaaqudgha
Okawaru
Qazlal
Trog
Uskayaw
Xom
Zin

Shops:
D:4 (

Annotations:
D:4 1 runed door


Innate Abilities, Weirdness & Mutations

You are very small and have problems with some larger weapons.
You are too small for most types of armour.
You have supernaturally acute eyesight. (SInv)
You are a herbivore.
You cover ground extremely quickly.
You need consume almost no food.


Message History

Casting: Ensorcelled Hibernation
Confirm with . or Enter, or press ? or * to list all spells.
Aiming: Ensorcelled Hibernation
Press: ? - help, Shift-Dir - straight line, f/p - gnoll
Aim: a gnoll, wielding a spear (inner flame, chance to defeat MR: 51%)
The gnoll resists with some effort.
The gnoll hits you but does no damage.
Casting: Ensorcelled Hibernation
Confirm with . or Enter, or press ? or * to list all spells.
Aiming: Ensorcelled Hibernation
Press: ? - help, Shift-Dir - straight line, f/p - gnoll
Aim: a gnoll, wielding a spear (inner flame, chance to defeat MR: 51%)
The gnoll looks drowsy...
The helpless gnoll fails to defend itself.
You perforate the gnoll like a sieve!!!
The gnoll explodes!
The fiery explosion engulfs you!
* * * LOW HITPOINT WARNING * * *
Your Spellcasting skill increases to level 5!
You are engulfed in roaring flames.
You die...

>.....#..........................
......########....[..............
##.....#.....#...>...)...........
##.....#.....#.......).).........
####'###.....########............
#......#.....#......#........#'##
#......'.....#.§§...#........#...
#......########.....#g.......#...
#.............#§@§§.#........#.[.
#......Z......#§§)§.#........'...
#......<......#.§§..#h.......#...
#######.......#.....#........####
#.......#.....†........#...
#.......#.....#........#...
#.......#..%%%#........#...
#.......#######........####
######### ##########


There were no monsters in sight!

Vanquished Creatures
  Grinder (D:4)
  A scorpion (D:4)
  A bullfrog skeleton (D:4)
  2 orc wizards (D:4)
  Terence (D:3)
  Jessica (D:2)
  A worker ant (D:4)
  9 gnolls
  5 adders
  3 worms (D:2)
  2 dart slugs (D:2)
  2 leopard geckos (D:3)
  15 orcs
  7 bats
  A giant cockroach (D:2)
  9 goblins
  9 hobgoblins
  11 jackals
  A quokka (D:4)
  2 ball pythons
  A frilled lizard (D:2)
  4 kobolds
  9 rats
98 creatures vanquished.

Notes
Turn   | Place    | Note
-------+----------+-------------------------------------------
     0 | D:1      | Naow the Spriggan Enchanter began the quest for the Orb.
     0 | D:1      | Reached XP level 1. HP: 9/9 MP: 5/5
     1 | D:1      | Noticed an electric eel
   811 | D:1      | Reached XP level 2. HP: 8/13 MP: 6/6
   815 | D:1      | Learned a level 2 spell: Ensorcelled Hibernation
  1064 | D:2      | Reached skill level 5 in Stealth
  1064 | D:2      | Reached XP level 3. HP: 5/16 MP: 0/8
  1691 | D:2      | Found an iron altar of Okawaru.
  1694 | D:2      | Found a bloodstained altar of Trog.
  2134 | D:2      | Found a hide-covered altar of Uskayaw.
  2134 | D:2      | Found a faded altar of an unknown god.
  2139 | D:2      | Found a shattered altar of Ashenzari.
  2141 | D:2      | Found a stormy altar of Qazlal.
  2143 | D:2      | Found a blossoming altar of Fedhas.
  2173 | D:2      | Reached XP level 4. HP: 7/21 MP: 2/9
  2615 | D:2      | Noticed Jessica
  2622 | D:2      | Killed Jessica
  3031 | D:3      | Reached XP level 5. HP: 24/24 MP: 11/11
  3372 | D:3      | Noticed Terence
  3376 | D:3      | Found a shimmering altar of Xom.
  3378 | D:3      | Killed Terence
  3418 | D:3      | Found a shimmering altar of Xom.
  3418 | D:3      | Found a shimmering altar of Xom.
  3418 | D:3      | Found a shimmering altar of Xom.
  3419 | D:3      | Found a shimmering altar of Xom.
  4057 | D:4      | Noticed Grinder
  4058 | D:4      | Killed Grinder
  4058 | D:4      | Reached skill level 5 in Dodging
  4058 | D:4      | Reached skill level 6 in Stealth
  4058 | D:4      | Reached skill level 5 in Hexes
  4058 | D:4      | Reached XP level 6. HP: 26/28 MP: 13/13
  4354 | D:4      | Found a runed door.
  4390 | D:4      | Reached XP level 7. HP: 32/32 MP: 9/15
  4840 | D:4      | Reached skill level 7 in Stealth
  4845 | D:4      | Learned a level 3 spell: Tukima's Dance
  4849 | D:4      | Learned a level 3 spell: Confuse
  5238 | D:4      | Found an ancient bone altar of Kikubaaqudgha.
  5238 | D:4      | Found a glowing silver altar of Zin.
  5659 | D:4      | Found Yciovuuqurgh's Weapon Emporium.
  5829 | D:4      | Reached skill level 5 in Spellcasting
  5829 | D:4      | Engulfed by a cloud of flame

Vault maps used:
D:1:      arrival_aquarium_a
D:2:      grunt_temple_overflow_open, chequers_temple_overflow_minitemple,
          uniq_jessica
D:3:      st_stairs_13, xom_redecorated, uniq_terence
D:4:      gammafunk_temple_overflow_elements, first_bread, serial_shops,
          shop_coins, sigmund_army, uniq_grinder, uniq_crazy_yiuf_cottage

Skill      XL: |  1  2  3  4  5  6  7 |
---------------+----------------------+-----
Stealth        | 5 6 7 |  7.0
Spellcasting   | 3 4 5 |  5.0
Hexes          | 4 5 |  5.3
Short Blades   | 2 3 4 |  4.1
Dodging        | 4 5 |  5.6

Action                   |  1- 3 |  4- 6 |  7- 9 || total
-------------------------+-------+-------+-------++-------
Melee: Dagger            |   150 |   267 |    60 ||   477
 Cast: Ensorcelled Hiber |     9 |    29 |    31 ||    69
  Use: Scroll            |     3 |       |     8 ||    11
       Potion            |       |       |     4 ||     4
 Stab: Sleeping          |    10 |    23 |    17 ||    50
  Eat: Bread ration      |       |     1 |       ||     1
Armor: Robe              |    17 |    26 |     7 ||    50
       Skin              |       |       |    17 ||    17
Dodge: Dodged            |   127 |   205 |    98 ||   430
